 Dungeon Crawl Stone Soup version 0.18.1-48-g4cf74bf (webtiles) character file.

5614 Heedrag the Destroyer (level 10, 0/57 HPs)
             Began as a Deep Elf Conjurer on Aug 6, 2016.
             Was a Believer of Vehumet.
             Slain by a troll (18 damage)
             ... on level 9 of the Dungeon.
             The game lasted 00:20:15 (8290 turns).

Heedrag the Destroyer (Deep Elf Conjurer)           Turns: 8290, Time: 00:20:15

Health: 0/57       AC:  4    Str:  8      XL:     10   Next: 45%
Magic:  20/26      EV: 13    Int: 19      God:    Vehumet [**....]
Gold:   405        SH:  0    Dex: 14 (15) Spells: 4 memorised, 16 levels left

rFire  . . .     SeeInvis .     g - +0 short sword (curse)
rCold  . . .     Gourm    .     a - +0 robe
rNeg   . . .     Faith    .     (no shield)
rPois  .         Spirit   .     (no helmet)
rElec  .         Dismiss  .     B - +0 cloak
rCorr  .         Reflect  .     e - +0 pair of gloves
SustAt .         Harm     +     (no boots)
MR     +....                    v - amulet of harm
Stlth  ++........               (no ring)
                                (no ring)

@: somewhat resistant to hostile enchantments, unstealthy
A: dopey 1
a: Renounce Religion


You were on level 9 of the Dungeon.
You worshipped Vehumet.
Vehumet was pleased with you.
You were not hungry.

You visited 2 branches of the dungeon, and saw 10 of its levels.

You collected 405 gold pieces.

Inventory:

Hand Weapons
 g - a cursed +0 short sword (weapon)
 A - a +2 dagger of pain
 E - a +2 whip of flaming
 F - a +1 short sword of electrocution
Armour
 a - a +0 robe (worn)
 e - a +0 pair of gloves (worn)
 B - a +0 cloak (worn)
Rods
 J - a +0 rod of ignition (10/10)
   (You found it on level 7 of the Dungeon)
Jewellery
 v - an amulet of harm (around neck)
 N - an uncursed ring of positive energy {unknown}
Wands
 C - a wand of lightning (9/15)
 H - a wand of lightning (9/15)
Scrolls
 d - 5 scrolls of remove curse {unknown}
 h - 3 scrolls of amnesia {unknown}
 i - 5 scrolls of teleportation {unknown}
 j - a scroll of blinking {unknown}
 m - 3 scrolls of fear {unknown}
 n - a scroll of fog {unknown}
 q - 4 scrolls of identify {unknown}
 t - 4 scrolls of enchant armour {unknown}
 u - 2 scrolls of enchant weapon {unknown}
 y - 3 scrolls of immolation {unknown}
 D - 2 scrolls of random uselessness {unknown}
 I - a scroll of vulnerability {unknown}
 L - 2 scrolls of magic mapping {unknown}
Potions
 f - 2 potions of heal wounds {unknown}
 k - 3 potions of agility {unknown}
 l - 2 potions of invisibility {unknown}
 r - 2 potions of might {unknown}
 s - a potion of haste {unknown}
 w - 2 potions of flight {unknown}
 x - 5 potions of curing
 z - a potion of brilliance {unknown}
 G - a potion of degeneration {unknown}
 M - a potion of cure mutation {unknown}
Books
 b - a book of Conjurations

   Spells                             Type                      Level
   a - Magic Dart                     Conjuration                  1
   b - Searing Ray                    Conjuration                  2
   c - Dazzling Spray                 Conjuration/Hexes            3
   d - Fulminant Prism                Conjuration/Hexes            4
   e - Iskenderun's Mystic Blast      Conjuration                  4
   f - Iskenderun's Battlesphere      Conjuration/Charms           5
Comestibles
 c - 3 bread rations
 o - 3 beef jerkies
 p - 3 meat rations
 K - 5 chunks of flesh
 O - 8 royal jellies


   Skills:
 + Level 4.2 Fighting
 - Level 2.4 Dodging
 - Level 2.4 Stealth
 + Level 10.4 Spellcasting
 * Level 12.3 Conjurations
 + Level 9.2 Charms


You had 16 spell levels left.
You knew the following spells:

 Your Spells              Type           Power        Failure   Level  Hunger
a - Magic Dart            Conj           ####         1%          1    None
b - Dazzling Spray        Conj/Hex       ####..       1%          3    None
c - Iskenderun's Mystic   Conj           ######..     1%          4    ##.....
d - Iskenderun's Battles  Conj/Chrm      ######..     2%          5    #####..


Dungeon Overview and Level Annotations

Branches:
Dungeon (9/15)             Temple (1/1) D:7
   Lair: D:8-11         Orc: D:9-12

Altars:
Ashenzari
Cheibriados
Dithmenos
Elyvilon
Fedhas
Gozag
Kikubaaqudgha
Makhleb
Nemelex Xobeh
Okawaru
Pakellas
Qazlal
Ru
Sif Muna
Trog
Vehumet
Xom
Yredelemnul
Zin
The Shining One


Innate Abilities, Weirdness & Mutations

You are dopey. (Int -2)


Message History

Tha magic dart hits tha centaur.
Tha centaur be moderately wounded.
Yer battlesphere fires!
Tha barrage o' energy hits tha centaur.
Ye kill tha centaur!
Vehumet accepts yer kill.
Yer battlesphere 'spends tha last o' its energy an' dissipates.
A troll comes inta view.
Ye see 'ere 2 arrows.
An orc comes inta view.
An orc an' an orc warrior come inta view.
Tha orc warrior shouts!
Tha orc warrior moves outta view.
An orc warrior comes inta view.
It be wieldin' a hand axe o' electrocution.
Ye see 'ere a steam dragon corpse.
Unknown command.
An ice beast comes inta view.
Ye see 'ere a steam dragon corpse.
Tha troll bites ye!
Tha troll claws ye!
Ye die...

#....# #...# #....#
##.#.# ## #....#
###..#<# ##..
#....####...####.....
##........### #.....
#.###.######..#
#...... #.....# #..#
..8.... #.###.###
#(.###..oo.Y.
#...####.(@†..#
##........#T###
#.#####...... #.#
###.####†.) #.###...#
.#...
#.####..##.#.#### #
.. #...............#
. ##.>....####....#
#....####.#.#..#


You could see a troll and 2 orc warriors.

Vanquished Creatures
  Pikel (D:6)
  A queen bee (D:9)
  The ghost of Heedrag the Conjurer, an amateur DECj of Vehumet (D:6)
  A wyvern (D:8)
  A steam dragon (D:9)
  2 hungry ghosts
  Menkaure (D:6)
  A water moccasin (D:5)
  An orc warrior (D:8)
  2 slaves (D:6)
  2 ice beasts
  A sky beast (D:7)
  3 ogres
  5 centaurs
  2 big kobolds
  A giant frog (D:9)
  3 scorpions
  21 killer bees
  5 wights (D:8)
  A howler monkey (D:3)
  3 crimson imps
  3 giant frog zombies
  A quasit (D:9)
  A hound (D:7)
  6 orc priests
  11 orc wizards
  2 giant frog skeletons
  3 iguanas
  8 worker ants
  A hound zombie (D:3)
  A worker ant zombie (D:5)
  15 gnolls
  6 adders
  3 shadow imps
  An ooze (D:5)
  An adder zombie (D:6)
  3 worms
  A dart slug (D:2)
  3 giant geckos
  38 orcs
  5 giant cockroaches
  5 goblins
  9 hobgoblins
  12 jackals
  23 kobolds
  4 quokkas
  3 ball pythons
  6 bats
  A giant gecko zombie (D:7)
  6 giant newts
  A quokka skeleton (D:7)
  10 rats
252 creatures vanquished.

Notes
Turn   | Place    | Note
--------------------------------------------------------------
     0 | D:1      | Heedrag the Deep Elf Conjurer began the quest for the Orb.
     0 | D:1      | Reached XP level 1. HP: 10/10 MP: 6/6
   222 | D:1      | Reached XP level 2. HP: 15/15 MP: 6/8
   745 | D:2      | Reached skill level 5 in Conjurations
   745 | D:2      | Reached XP level 3. HP: 19/19 MP: 1/10
   894 | D:2      | Learned a level 3 spell: Dazzling Spray
   989 | D:2      | Reached XP level 4. HP: 24/24 MP: 10/12
   998 | D:2      | Found a burning altar of Makhleb.
  1440 | D:3      | Learned a level 4 spell: Iskenderun's Mystic Blast
  1492 | D:3      | Reached skill level 6 in Conjurations
  1492 | D:3      | Reached XP level 5. HP: 27/28 MP: 5/14
  1572 | D:3      | Reached skill level 5 in Spellcasting
  1886 | D:3      | Reached skill level 7 in Conjurations
  1886 | D:3      | Reached XP level 6. HP: 13/32 MP: 1/16
  2297 | D:4      | Learned a level 5 spell: Iskenderun's Battlesphere
  2363 | D:4      | Reached skill level 8 in Conjurations
  2363 | D:4      | Reached skill level 1 in Charms
  2363 | D:4      | Reached XP level 7. HP: 26/36 MP: 9/18
  3639 | D:4      | Found a bloodstained altar of Trog.
  3926 | D:5      | Entered Level 5 of the Dungeon
  4111 | D:5      | Reached skill level 9 in Conjurations
  4111 | D:5      | Reached XP level 8. HP: 27/41 MP: 10/20
  4366 | D:5      | Found an opulent altar of Gozag.
  4741 | D:5      | Reached skill level 5 in Charms
  5349 | D:6      | Noticed Menkaure
  5352 | D:6      | Killed Menkaure
  5352 | D:6      | Reached skill level 10 in Conjurations
  5523 | D:6      | Reached skill level 1 in Fighting
  5561 | D:6      | Noticed Pikel
  5577 | D:6      | Killed Pikel
  5577 | D:6      | Reached XP level 9. HP: 12/48 MP: 1/23
  5943 | D:6      | Noticed Heedrag's ghost (amateur DECj)
  5946 | D:6      | Killed Heedrag's ghost
  6203 | D:7      | Gained mutation: You are dopey. (Int -2) [mutagenic meat]
  6297 | D:7      | Found a staircase to the Ecumenical Temple.
  6313 | D:7      | Reached skill level 11 in Conjurations
  6411 | Temple   | Entered the Ecumenical Temple
  6461 | Temple   | Became a worshipper of Vehumet
  7410 | D:8      | Reached * piety under Vehumet
  7410 | D:8      | Offered knowledge of Flame Tongue by Vehumet.
  7492 | D:8      | Reached XP level 10. HP: 56/56 MP: 13/25
  7953 | D:8      | Reached skill level 10 in Spellcasting
  8019 | D:9      | Reached skill level 12 in Conjurations
  8121 | D:9      | Offered knowledge of Throw Frost by Vehumet.
  8151 | D:9      | Reached ** piety under Vehumet
  8290 | D:9      | Slain by a troll

Skill      XL: |  1  2  3  4  5  6  7  8  9 10 |
---------------+-------------------------------+-----
Spellcasting   | 4 5 6 7 8 9 10 | 10.4
Conjurations   | 5 6 7 8 9 10 11 12 | 12.3
Charms         | 1 4 6 8 9 |  9.2
Fighting       | 1 3 4 |  4.2
Dodging        | |  2.4
Stealth        | |  2.4

Action                   |  1- 3 |  4- 6 |  7- 9 | 10-12 || total
-------------------------+-------+-------+-------+-------++-------
Melee: Short sword       |     3 |     4 |       |     1 ||     8
 Cast: Magic Dart        |    56 |   122 |   322 |    77 ||   577
       Dazzling Spray    |       |     4 |     1 |       ||     5
       Iskenderun's Batt |       |       |    34 |    11 ||    45
       Iskenderun's Myst |       |       |       |     2 ||     2
  Eat: Chunk             |       |     4 |    18 |     2 ||    24
       Pizza             |       |       |     2 |       ||     2
       Meat ration       |       |       |     1 |     1 ||     2
Armor: Robe              |     1 |    12 |     9 |     3 ||    25
Dodge: Dodged            |     7 |    46 |    50 |    13 ||   116
